 Dungeon Crawl Stone Soup version 0.20-a0-444-g3734ce0 (webtiles) character file.

46 Leonis the Charmwright (level 3, 0/28 HPs)
             Began as a Cyno Skald on Jan 14, 2017.
             Slain by an adder (4 damage)
             ... on level 2 of the Dungeon.
             The game lasted 00:05:10 (1050 turns).

Leonis the Charmwright (Cyno Skald)                 Turns: 1050, Time: 00:05:10

Health: 0/28       AC:  3    Str:  6    XL:     3   Next: 46%
Magic:  7/7        EV: 12    Int: 10    God:
Gold:   56         SH:  0    Dex:  9    Spells: 7/8 levels left

rFire  . . .     SeeInvis .     m - +2 dagger (freeze)
rCold  . . .     Gourm    .     b - +0 leather armour
rNeg   . . .     Faith    .     (no shield)
rPois  .         Spirit   .     (no helmet)
rElec  .         Reflect  .     (no cloak)
rCorr  .         Harm     .     (no gloves)
MR     .....                    (no boots)
Stlth  +.........               (no amulet)
                                (no ring)
                                g - -3 ring of strength (curse)

@: no status effects
A: limited potential
a: no special abilities


You were on level 2 of the Dungeon.
You were hungry.

You visited 1 branch of the dungeon, and saw 2 of its levels.

You collected 56 gold pieces.

Inventory:

Hand Weapons
 a - a +0 mace
 m - a +2 dagger of freezing (weapon)
Missiles
 h - 14 stones (quivered)
 p - 4 curare-tipped needles
Armour
 b - a +0 leather armour (worn)
Jewellery
 g - a cursed -3 ring of strength (left hand)
Scrolls
 e - a scroll of teleportation {unknown}
 f - a scroll of amnesia {unknown}
 k - a scroll of enchant weapon {unknown}
 n - a scroll of enchant armour {unknown}
 o - a scroll of identify {unknown}
Potions
 j - a potion of flight {unknown}
Books
 c - a book of Battle

   Spells                             Type                      Level
   a - Infusion                       Charms                       1
   b - Shroud of Golubria             Charms/Translocation         2
   c - Song of Slaying                Charms                       2
   d - Spectral Weapon                Hexes/Charms                 3
   e - Regeneration                   Charms/Necromancy            3
Comestibles
 d - a bread ration
 i - a meat ration


   Skills:
 + Level 2.7 Fighting
 + Level 0.2 Short Blades
 + Level 3.3 Maces & Flails
 + Level 0.2 Throwing
 + Level 1.5 Armour
 + Level 2.8 Dodging
 + Level 0.5 Stealth
 + Level 3.1 Spellcasting
 + Level 3.8 Charms


You had 7 spell levels left.
You knew the following spells:

 Your Spells              Type           Power        Failure   Level  Hunger
a - Infusion              Chrm           #...         10%         1    #......


Dungeon Overview and Level Annotations

Branches:
Dungeon (2/15)

Altars:


Message History

h - 9 stones (gained 1)
h - 10 stones (gained 1)
h - 11 stones (gained 1)
h - 12 stones (gained 1)
h - 13 stones (gained 1)
h - 14 stones (gained 1)
You now have 56 gold pieces (gained 3).
An adder comes into view.
An adder is nearby!
The adder hisses angrily.
The adder barely misses you. The adder bites you.
You miss the adder. The adder bites you.
You miss the adder. The adder bites you.
* * * LOW HITPOINT WARNING * * *
You closely miss the adder. The adder bites you.
* * * LOW HITPOINT WARNING * * *
You hit the adder. You freeze the adder.
The adder is moderately wounded.
The adder bites you.
You die...

##### #...#
#...################
+...................
#..@#########.##....
#..S# #.##.... #...#
#. #.##.... #.....
+...###.##....
#....#
#.............
#....#
#...###.######
#.....
+.........####
.#...#
#...###.#....# ##
#.#....#


You could see an adder.

Vanquished Creatures
  An adder (D:2)
  An ooze (D:1)
  2 dart slugs (D:1)
  A leopard gecko (D:1)
  2 giant cockroaches (D:2)
  3 goblins (D:1)
  6 hobgoblins (D:1)
  A kobold (D:1)
  5 bats
  2 frilled lizards (D:1)
  4 rats (D:1)
28 creatures vanquished.

Notes
Turn   | Place    | Note
-------+----------+-------------------------------------------
     0 | D:1      | Leonis the Cyno Skald began the quest for the Orb.
     0 | D:1      | Reached XP level 1. HP: 17/17 MP: 4/4
   348 | D:1      | Reached XP level 2. HP: 18/23 MP: 6/6
   880 | D:1      | Reached XP level 3. HP: 26/28 MP: 7/7
  1050 | D:2      | Slain by an adder

Vault maps used:
D:1:      minmay_arrival_stone_box
D:2:      nicolae_overflow_crystal_walls, minitemple, uniq_terence, uniq_iyjb

Skill      XL: |  1  2 |
---------------+-------+-----
Spellcasting   | 3 |  3.1
Maces & Flails | 3 |  3.3
Fighting       | |  2.7
Short Blades   | |  0.2
Throwing       | |  0.2
Armour         | |  1.5
Dodging        | |  2.8
Stealth        | |  0.5
Charms         | |  3.8

Action                   || total
-------------------------++-------
Melee: Mace              ||    77
       Dagger            ||    34
Throw: Stone             ||    40
 Cast: Infusion          ||     3
  Use: Scroll            ||     1
Armor: Leather armour    ||    49
Dodge: Dodged            ||    82
